 Dungeon Crawl Stone Soup version 0.30-a0-137-gd8773701ce (webtiles) character file.

Game seed: 462037187699161166

186 ytrimaz the Trooper (level 5, -5/43 HPs)
             Began as a Demonspawn Gladiator on Sept 22, 2022.
             Slain by Crazy Yiuf
             ... wielding a +2 quarterstaff of chaos
              (10 damage)
             ... on level 3 of the Dungeon.
             The game lasted 00:03:05 (2802 turns).

ytrimaz the Trooper (Demonspawn Gladiator)          Turns: 2802, Time: 00:03:06

Health: -5/43      AC:  9    Str: 13      XL:     5   Next: 38%
Magic:  5/5        EV: 13    Int:  5 (8)  God:
Gold:   130        SH:  0    Dex: 21      Spells: 4/4 levels left

rFire   . . .      SeeInvis .    a - +0 rapier
rCold   . . .      Faith    .    (no shield)
rNeg    . . .      Spirit   .    b - +0 leather armour
rPois   .          Reflect  .    c - +1 helmet
rElec   .          Harm     .    g - +0 cloak
rCorr   .          Rampage  .    (no gloves)
Will    .....                    (no boots)
Stlth   ++........               (no amulet)
HPRegen 0.14/turn                (no ring)
MPRegen 0.18/turn                (no ring)

@: mighty, lethally poisoned (-5 -> -15), about to teleport
A: slimy green scales 2, magic regeneration, agile 1, noise suppression
a: no special abilities


You were on level 3 of the Dungeon.
You visited 1 branch of the dungeon, and saw 3 of its levels.

You collected 130 gold pieces.


Innate Abilities, Weirdness & Mutations

You are mostly covered in slimy green scales. (AC +3)
You regenerate magic rapidly.
You are agile. (Dex +4, Str/Int -1)
You passively dampen the noise of your surroundings.


   Skills:
 * Level 4.8 Fighting
 + Level 3.8 Short Blades
 - Level 1.7 Throwing
 - Level 2.6 Dodging


You had 4 spell levels left.
You didn't know any spells.
Your spell library was empty.

Inventory:

Hand Weapons
 a - a +0 rapier (weapon)
Missiles
 d - 3 throwing nets (quivered)
 e - a javelin
Armour
 b - a +0 leather armour (worn)
 c - a +1 helmet (worn)
 g - a +0 cloak (worn)
   (You found it on level 1 of the Dungeon)
Wands
 k - a wand of roots (11)
   (You found it on level 3 of the Dungeon)
Scrolls
 f - 3 scrolls of enchant armour
 j - 3 scrolls of butterflies
Potions
 h - 2 potions of degeneration
 l - a potion of mutation

Dungeon Overview and Level Annotations

Branches:
Dungeon (3/15) Zot: 15188

Altars:
Xom

Annotations:
D:3 Crazy Yiuf

##.#.###### #.#
#..#####.### #........#
#.# #..# #.# #........#
### #### #.# ##.....##.#
####.# ...#.#.##.#
#....# ##.###.##.##♣♣
### ####.#
.......##.#..♣♣ ♣♣#..)#
#.#
##....#.....P.♣♣♣♣.'...#
#.#
###.#.#.#......♣@g♣#...#
####.## #
#.#.#.###.P.♣.♣♣♣ ###
#.....# #
#.....####♣♣♣♣♣ ###...##
# ###.#...# #..... #
#......# ####
#########..# ####..###.#
#..# #..........#
..........# #..#
#.#######÷## ####......#
#..### #.# #.# #
#...^..# #....# #.# #.#


You could see Crazy Yiuf.


Message History

The phantom barely misses you.
You hit the phantom but do no damage. The phantom hits you. 😕 HP[-3]
You take 3 damage, and now have 34/37 hp.
You hit the phantom. The phantom misses you. 😕 HP[+1]
You hit the phantom.
The phantom hits you but does no damage.
You miss the phantom. The phantom completely misses you.
You closely miss the phantom. The phantom misses you.
You closely miss the phantom. The phantom misses you.
You hit the phantom. The phantom hits you.
The phantom blinks!
You blink. 😕 HP[-1]
You take 1 damage, and now have 34/37 hp.
You hit the phantom.
The phantom hits you but does no damage.
You hit the phantom but do no damage. The phantom hits you.
The phantom hits you but does no damage. 😕 HP[-2]
You take 2 damage, and now have 32/37 hp.
You hit the phantom. The phantom misses you. 😕 HP[+1]
You hit the phantom. The phantom closely misses you.
Unknown command.
You hit the phantom.
You destroy the phantom!
You feel your dexterity returning.
You have reached level 5! 😕 HP[+5] MP[+1]
You now have 43 max hp (+6).
You regained 5 hp, and now have 38/43 hp.
Your mp is fully restored (5).
You see here a rat skeleton.
Key pressed, stopping explore.
Key pressed, stopping explore.
Things that are here:
a +0 club; a +0 ring mail Key pressed, stopping explore.
Unknown command. 😎 HP[+5]
Your hp is fully restored (43).
Key pressed, stopping explore.
Crazy Yiuf shouts!
Could not explore, unopened runed door.
Could not explore, unopened runed door.
Could not explore, unopened runed door.
No reachable target in view!
As you open the door, it creaks loudly!
You barely miss Crazy Yiuf. Crazy Yiuf closely misses you.
You hit Crazy Yiuf. Crazy Yiuf closely misses you.
Unknown command.
You hit Crazy Yiuf.
Crazy Yiuf hits you with a +2 quarterstaff of chaos.
You are poisoned. 😕 HP[-5]
You take 5 damage, and now have 38/43 hp.
You hit Crazy Yiuf but do no damage.
You feel very sick.
Crazy Yiuf says, "Ghoul spinner head!"
Crazy Yiuf hits you with a +2 quarterstaff of chaos!
You are more poisoned. 😮 HP[-11]
You take 11 damage, and now have 27/43 hp.
MASSIVE DAMAGE!! (PAUSE) It was a potion of mutation.
You feel extremely strange.
You feel your surroundings grow quieter.
You feel agile.
You feel very sick.
Crazy Yiuf hits you with a +2 quarterstaff of chaos.
* * * LOW HITPOINT WARNING * * *
Crazy Yiuf burns you.
* * * LOW HITPOINT WARNING * * *
😨 HP[-8]
You take 8 damage, and now have 19/43 hp.
Unknown command.
* * * LOW HITPOINT WARNING * * *
You feel very sick. 😨 HP[-5]
You take 5 damage, and now have 14/43 hp.
As you read the scroll of teleportation, it crumbles to dust.
You feel strangely unstable.
* * * LOW HITPOINT WARNING * * *
You feel very sick. Crazy Yiuf closely misses you. 😨 HP[-3]
You take 3 damage, and now have 11/43 hp.
Unknown command.
Crazy Yiuf attacks as you move away!
Crazy Yiuf hits you with a +2 quarterstaff of chaos.
* * * LOW HITPOINT WARNING * * *
You feel very mighty all of a sudden.
* * * LOW HITPOINT WARNING * * *
You feel very sick.
Crazy Yiuf cries, "Buddy cower tired!" 😱 HP[-6]
You take 6 damage, and now have 5/43 hp.
Crazy Yiuf attacks as you move away!
Crazy Yiuf hits you with a +2 quarterstaff of chaos!
You die...

Skill      XL: |  1  2  3  4 |
---------------+-------------+-----
Short Blades   | 3 |  3.8
Fighting       | 3 4 |  4.8
Throwing       | |  1.7
Dodging        | |  2.6

Action                   |  1- 3 |  4- 6 || total
-------------------------+-------+-------++-------
Melee: Rapier            |   131 |   109 ||   240
  Use: Scroll            |     4 |     1 ||     5
       Potion            |       |     3 ||     3
 Stab: Sleeping          |     2 |       ||     2
Armor: Leather armour    |    51 |    52 ||   103
Dodge: Dodged            |    95 |    75 ||   170

Levels and vault maps discovered:
D:1:      lemuel_arrival_room, layout_basic
D:2:      layout_basic
D:3:      layout_loops_ring, xom_teletrap_fun,
          ebering_ecumenical_altar_petrified, uniq_crazy_yiuf_cottage

Notes
Turn   | Place    | Note
-------+----------+-------------------------------------------
     0 | D:1      | ytrimaz the Demonspawn Gladiator began the quest for the
                  | Orb.
     0 | D:1      | Reached XP level 1. HP: 16/16 MP: 1/1
     0 | D:1      | magus.rc [v1.9.6]
   212 | D:1      | Gained mutation: You are partially covered in slimy green
                  | scales. (AC +2) [demonic ancestry]
   212 | D:1      | Reached XP level 2. HP: 17/23 MP: 2/2
   423 | D:1      | Reached skill level 3 in Short Blades
   444 | D:1      | Reached skill level 3 in Fighting
   742 | D:1      | Gained mutation: You are mostly covered in slimy green
                  | scales. (AC +3) [demonic ancestry]
   742 | D:1      | Reached XP level 3. HP: 23/29 MP: 3/3
  1921 | D:3      | Found a faded altar of an unknown god.
  1997 | D:3      | Gained mutation: You regenerate magic rapidly. [demonic
                  | ancestry]
  1997 | D:3      | Reached XP level 4. HP: 37/37 MP: 4/4
  2038 | D:3      | Found a shimmering altar of Xom.
  2076 | D:3      | HP: 6/37 [orc/+0 flail (7)]
  2202 | D:3      | Reached skill level 4 in Fighting
  2432 | D:3      | Noticed a phantom
  2695 | D:3      | Killed a phantom
  2696 | D:3      | Reached XP level 5. HP: 38/43 MP: 5/5
  2789 | D:3      | Found a runed translucent door.
  2790 | D:3      | Noticed Crazy Yiuf
  2798 | D:3      | Gained mutation: You passively dampen the noise of your
                  | surroundings. [potion of mutation]
  2798 | D:3      | Gained mutation: You are agile. (Dex +4, Str/Int -1)
                  | [potion of mutation]
  2801 | D:3      | HP: 8/43 [Crazy Yiuf/+2 quarterstaff of chaos (3)]
  2802 | D:3      | Slain by Crazy Yiuf

Vanquished Creatures
  A phantom (D:3)
  5 adders
  3 dart slugs
  4 orcs (D:3)
  4 endoplasms
  A giant cockroach (D:2)
  3 goblins
  5 hobgoblins
  3 jackals (D:2)
  3 quokkas
  5 ball pythons
  4 bats
  5 frilled lizards
  8 kobolds
  7 rats
61 creatures vanquished.

Table legend:
 A = Non-vault XP
 B = Vault XP
 C = Vault XP percentage of total XP
 D = Non-vault monster count
 E = Vault monster count
 F = Vault count percentage of total count
                 A         B        C        D         E       F
            +---------+---------+-------+---------+---------+-------
      Total |     266 |       0 |   0.0 |      61 |       0 |   0.0
            +---------+---------+-------+---------+---------+-------
        D:1 |      41 |       0 |   0.0 |      25 |       0 |   0.0
        D:2 |      44 |       0 |   0.0 |      18 |       0 |   0.0
        D:3 |     181 |       0 |   0.0 |      18 |       0 |   0.0
            +---------+---------+-------+---------+---------+-------

Illustrated notes

Table legend:
 A = Kills in this place as a percentage of kills in entire the game.
 B = Kills by you in this place as a percentage of kills by you in the entire game.
 C = Kills by friends in this place as a percentage of kills by friends in the entire game.
 D = Other kills in this place as a percentage of other kills in the entire game.
 E = Experience gained in this place as a percentage of experience gained in the entire game.
 F = Experience gained in this place divided by the number of levels of this place that you have seen.
                   A       B       C       D       E      F
               +-------+-------+-------+-------+-------+----------------------
         Total | 100.0 | 100.0 |   N/A |   N/A | 100.0 |  88.7
       Dungeon | 100.0 | 100.0 |   N/A |   N/A | 100.0 |  88.7
               +-------+-------+-------+-------+-------+----------------------

Table legend: (Time is in decaauts)
 A = Elapsed time spent in this place.
 B = Non-inter-level travel time spent in this place.
 C = Inter-level travel time spent in this place.
 D = Time resting spent in this place.
 E = Time spent auto-exploring this place.
 F = Levels seen in this place.
 G = Mean time per level.
                   A        B        C        D        E       F      G
               +--------+--------+--------+--------+--------+-----+--------+
         Total |   2811 |   2792 |     19 |      0 |   2284 |   3 |  937.0 |
       Dungeon |   2811 |   2792 |     19 |      0 |   2284 |   3 |  937.0 |
               +--------+--------+--------+--------+--------+-----+--------+

Top non-repeatable levels by time:
     D:2: 1171 daAuts
     D:3: 883 daAuts
     D:1: 756 daAuts
